 Dungeon Crawl Stone Soup version 0.29-a0-451-gfbfa424 (webtiles) character file.

Game seed: 14371472575963696222

35 Toastz the Insei (level 3, 0/36 HPs)
             Began as an Octopode Transmuter on May 19, 2022.
             Frozen to death by an endoplasm (4 damage)
             ... on level 1 of the Dungeon.
             The game lasted 00:03:24 (1296 turns).

Toastz the Insei (Octopode Transmuter)              Turns: 1296, Time: 00:03:24

Health: 0/36       AC: 21    Str: 11    XL:     3   Next: 35%
Magic:  5/6        EV:  2    Int: 15    God:
Gold:   94         SH:  0    Dex: 12    Spells: 3/6 levels left

rFire   . . .      SeeInvis .     - Unarmed
rCold   . . .      Faith    .   (no shield)
rNeg    . . .      Spirit   .   (helmet currently unavailable)
rPois   +          Reflect  .   (no amulet)
rElec   .          Harm     .   (no ring)
rCorr   .          Rampage  .   (no ring)
Will    .....      NoTele   +   (no ring)
Stlth   +.........              (no ring)
HPRegen 0.12/turn               (no ring)
MPRegen 0.10/turn               (no ring)
                                (no ring)
                                (no ring)

@: confused, tree-form
A: stationary, stasis, torment immunity, boosted hp, almost no armour,
(amphibious), 8 rings, (camouflage 1), (gelatinous body 1), (nimble swimmer 1),
(tentacles)
a: no special abilities


You were on level 1 of the Dungeon.
You were a tree.
You visited 1 branch of the dungeon, and saw 2 of its levels.

You collected 94 gold pieces.

Inventory:

Missiles
 b - 73 stones (quivered)
Scrolls
 d - a scroll of identify {unknown}
Potions
 c - a potion of curing {unknown}


   Skills:
 + Level 1.6 Fighting
 - Level 2.4 Dodging
 * Level 3.7 Unarmed Combat
 - Level 2.0 Spellcasting
 + Level 2.0 Transmutations


You had 3 spell levels left.
You knew the following spells:

 Your Spells              Type           Power      Damage    Failure   Level
a - Beastly Appendage     Tmut           14%        N/A       10%         1
b - Wereblood             Tmut           7%         N/A       14%         2

Your spell library contained the following spells:

 Spells                   Type           Power      Damage    Failure   Level
 Poisonous Vapours        Pois/Air       2%         N/A       32%         2
 Spider Form              Tmut/Pois      4%         N/A       41%         3
 Gell's Gravitas          Tloc           1%         N/A       54%         3
 Teleport Other           Tloc           1%         N/A       54%         3
 Ice Form                 Ice/Tmut       4%         N/A       82%         4
 Corpse Rot               Necr/Pois/Air  1%         N/A       91%         4
 Dispersal                Tloc           0%         N/A       100%        6


Dungeon Overview and Level Annotations

Branches:
Dungeon (2/15)

Altars:


Innate Abilities, Weirdness & Mutations

You are a tree.
Your roots penetrate the ground, keeping you stationary.
You cannot be teleported.
You are immune to unholy pain and torment.
Your maximum health is greatly increased.
You cannot wear most types of armour.
((You are amphibious.))
You can wear up to eight rings at the same time.
((Your skin changes colour to match your surroundings (Stealth+).))
((Your rubbery body absorbs attacks. (AC +1, EV +1)))
((You are camouflaged when in or above water. (Stealth+)))
((You have tentacles for arms and can constrict up to eight enemies at once.))


Message History

Found a robe.
Found a stone staircase leading down and a stone staircase leading up.
There is a stone staircase leading up here.
Casting: Beastly Appendage (safe; 10% risk of failure)
Confirm with . or Enter, or press ? or * to list all spells.
One of your tentacles grows a vicious spike.
The orc shouts!
The orc closely misses you.
The orc wizard shouts!
The endoplasm quivers.
You hear a shout!
The orc wizard points at you and mumbles some strange words.
You are confused.
The orc hits you with a +0 whip. The orc hits you with a +0 hand axe.
In your confused state, you trip and fall back down the stairs.
The orc closely misses you. The orc hits you with a +0 hand axe.
You are too injured to fight recklessly!
The orc wizard closely misses you. The orc hits you with a +0 whip.
The endoplasm hits you. The orc completely misses you.
You climb upwards.
There is a stone staircase leading down here.
Really quaff the potion of lignification?
Your tentacle spike disappears.
You turn into a tree.
Your roots penetrate the ground.
The orc hits you with a +0 hand axe.
* * * LOW HITPOINT WARNING * * *
The endoplasm freezes you.
You are frozen.
* * * LOW HITPOINT WARNING * * *
The orc hits you but does no damage.
The orc wizard hits you with a +0 dagger.
* * * LOW HITPOINT WARNING * * *
You cannot move. (Use ctrl+direction or * direction to attack while stationary and confused.)
You cannot move. (Use ctrl+direction or * direction to attack while stationary and confused.)
You hit the orc wizard.
The orc wizard is lightly wounded.
The orc hits you but does no damage. The endoplasm freezes you.
You are frozen.
You die...

# ####...#### # #.P#...#P.# #
#<.'...'..# # #..#...#..# #
######################.#.#### #
#......##........##..#.#.#..# #
#......##...[....##..'...'..# #
#......##...o....##..#...#..# #
#......##†.o♣o....####...#### #
#............J....#..#...#..# #
#......##........##†.'...†..# #
#......##........##..#...#PP#
#####......##........############
.>.##......###########.# #..#
##.##......# #.# ##..#
.÷....###### ##.# ##...#
##......## #..####..#.##


You could see an orc wizard, 2 orcs and an endoplasm.

Vanquished Creatures
  3 bats (D:1)
  4 endoplasms (D:1)
  3 giant cockroaches (D:1)
  2 goblins (D:1)
  2 hobgoblins (D:1)
  4 jackals (D:1)
  2 kobolds (D:1)
  2 ball pythons (D:1)
  3 frilled lizards (D:1)
  6 rats (D:1)
31 creatures vanquished.

Notes
Turn   | Place    | Note
-------+----------+-------------------------------------------
     0 | D:1      | Toastz the Octopode Transmuter began the quest for the Orb.
     0 | D:1      | Reached XP level 1. HP: 13/13 MP: 3/3
   146 | D:1      | Reached XP level 2. HP: 13/18 MP: 3/5
   257 | D:1      | Learned a level 2 spell: Wereblood
   456 | D:1      | Found a faded altar of an unknown god.
   840 | D:1      | Reached XP level 3. HP: 15/23 MP: 6/6
  1296 | D:1      | Frozen to death by an endoplasm

Illustrated notes

Levels and vault maps discovered:
D:1:      dpeg_arrival_prison, layout_rooms, hellmonk_ecumenical_altar_run_dry
D:2:      layout_loops_ring, serial_forest, infiniplex_forest_lined_3,
          infiniplex_forest_clump_large, infiniplex_forest_lined_room_3,
          infiniplex_forest_clump_curved, infiniplex_forest_lined_corner,
          infiniplex_forest_lined_corner, infiniplex_forest_corner_2,
          infiniplex_forest_zigzag_1, infiniplex_forest_join, item_on_display_a

Action                   || total
-------------------------++-------
Melee: Unarmed           ||    59
       Constrict         ||    16
       Tentacles         ||     8
       Kick              ||    17
Throw: Stone             ||     6
 Cast: Beastly Appendage ||    21
 Abil: End Transformatio ||     1
  Use: Potion            ||     1
 Stab: Sleeping          ||     5
Armor: Skin              ||     8
Dodge: Dodged            ||    50

Table legend: (Time is in decaauts)
 A = Elapsed time spent in this place.
 B = Non-inter-level travel time spent in this place.
 C = Inter-level travel time spent in this place.
 D = Time resting spent in this place.
 E = Time spent auto-exploring this place.
 F = Levels seen in this place.
 G = Mean time per level.
                   A        B        C        D        E       F      G
               +--------+--------+--------+--------+--------+-----+--------+
         Total |   1293 |   1278 |     15 |    249 |    814 |   2 |  646.5 |
       Dungeon |   1293 |   1278 |     15 |    249 |    814 |   2 |  646.5 |
               +--------+--------+--------+--------+--------+-----+--------+

Top non-repeatable levels by time:
     D:1: 1288 daAuts
     D:2: 4 daAuts
